Map: Dusk Towers

Players

Dayshi - Winner!

  • Race: Terran Terran
  • League: Grandmaster

MajeStic

  • Race: Protoss Protoss
  • League: Grandmaster

Event: DreamHack ZOWIE Open Leipzig

VOD

Have the link to the VOD?

Description

Time

  • Played on: Jan. 22, 2016, 7:43 a.m.
  • Length: 9:30

All games in this series

Show
View Real Time Build Order
Export as new Build Order

Dayshi Terran - Winner!

Build Orders: Liberator Opening, MMM Bio 

Get SALT Encoding   

  12  0:01  SCV  
  13  0:13  SCV  
  14  0:17  Supply Depot  
  14  0:25  SCV  
  15  0:39  SCV  
  15  0:40  Barracks  
  16  0:44  Refinery  
  16  0:51  SCV  
  17  1:03  SCV  
  18  1:15  SCV  
  19  1:28  Barracks Reactor  
  19  1:29  Orbital Command  
  19  1:41  Command Center  
  19  1:48  Supply Depot  
  19  1:55  SCV  
  20  2:04  Marine  
  20  2:05  Marine  
  20  2:07  SCV  
  23  2:10  Factory  
  23  2:15  Refinery  
  23  2:19  SCV  
  23  2:22  Marine x2  
  26  2:31  SCV  
  27  2:40  Marine x2  
  27  2:43  SCV  
  30  2:53  Orbital Command  
  30  2:54  Starport  
  30  2:55  SCV, Widow Mine  
  33  3:01  Marine  
  33  3:02  Marine  
  35  3:07  SCV  
  36  3:14  Supply Depot  
  36  3:19  SCV, Marine  
  38  3:20  Marine  
  38  3:21  SCV  
  38  3:25  Widow Mine  
  42  3:30  Medivac  
  42  3:32  SCV  
  45  3:37  Supply Depot  
  45  3:38  SCV  
  46  3:41  Marine x2  
  46  3:43  Liberator  
  46  3:46  SCV  
  49  3:54  Factory Tech Lab  
  49  3:56  SCV  
  49  3:58  SCV  
  49  3:59  Supply Depot, Marine x2  
  56  4:09  SCV  
  56  4:10  SCV  
  56  4:12  Cyclone  
  58  4:18  Marine x2  
  56  4:26  SCV x2  
  58  4:36  Marine x2  
  58  4:38  SCV x2, Liberator  
  61  4:50  SCV  
  61  4:51  SCV  
  63  4:53  Marine  
  63  4:54  Marine  
  66  5:03  SCV x2  
  67  5:11  Marine  
  67  5:15  SCV x2  
  67  5:17  Supply Depot  
  67  5:18  Barracks  
  67  5:19  Barracks  
  69  5:26  Marine  
  69  5:27  SCV x2  
  70  5:32  Command Center  
  70  5:38  Marine  
  70  5:39  SCV, Starport Reactor  
  70  5:40  Siege Tank  
  70  5:41  SCV  
  76  5:44  Refinery  
  76  5:46  Supply Depot  
  76  5:50  Marine  
  76  5:51  SCV  
  76  5:56  SCV  
  76  6:03  SCV, Engineering Bay  
  76  6:04  Refinery, Engineering Bay  
  74  6:08  SCV, Barracks Tech Lab  
  75  6:13  Supply Depot  
  75  6:15  SCV, Marine x2  
  75  6:17  Medivac  
  75  6:18  Stimpack, Medivac  
  82  6:21  Marauder  
  82  6:22  Factory Reactor  
  82  6:25  SCV  
  85  6:27  SCV  
  85  6:31  Terran Infantry Weapons Level 1  
  86  6:33  Missile Turret  
  86  6:35  Missile Turret  
  86  6:37  SCV  
  86  6:39  SCV  
  85  6:40  Terran Infantry Armor Level 1  
  85  6:42  Marine x2  
  88  6:47  Orbital Command  
  88  6:49  Barracks  
  88  6:50  Marine  
  88  6:58  Medivac, Marauder  
  90  7:01  Combat Shields, Missile Turret  
  90  7:03  SCV  
  90  7:09  SCV  
  90  7:10  Marauder  
  90  7:13  Marine x2, Orbital Command  
  90  7:15  SCV  
  96  7:18  Factory Reactor  
  96  7:21  SCV  
  97  7:23  Barracks  
  97  7:24  Marauder  
  97  7:27  SCV  
  97  7:28  Supply Depot  
  100  7:33  Armory  
  100  7:37  SCV  
  100  7:38  Missile Turret  
  100  7:39  SCV  
  100  7:41  Marauder  
  100  7:43  Marine  
  105  7:45  Marauder, Marine  
  105  7:48  SCV  
  105  7:49  Medivac  
  111  7:53  Supply Depot, Marine x2  
  111  7:55  Medivac  
  111  7:57  Widow Mine  
  117  8:03  Supply Depot  
  117  8:05  Supply Depot  
  117  8:14  Widow Mine  
  117  8:15  SCV x2, Marauder x2  
  117  8:17  Supply Depot  
  117  8:18  Concussive Shells  
  117  8:19  SCV  
  125  8:20  Marine  
  125  8:22  Supply Depot  
  125  8:23  Marine  
  125  8:25  Barracks Tech Lab, Marine  
  125  8:26  Marine  
  128  8:27  SCV x2  
  128  8:31  SCV  
  131  8:36  Marauder x2  
  131  8:39  SCV  
  134  8:42  Ghost Academy  
  134  8:46  Refinery  
  134  8:47  Refinery  
  134  8:52  Marauder, Marine x2  
  132  8:58  Marauder x2  
  136  9:04  Marine  
  141  9:15  Command Center  
  143  9:23  Supply Depot  
Show
View Real Time Build Order
Export as new Build Order

MajeStic Protoss 

Build Orders: 1 Gate Expand, Oracle Opening 

Get SALT Encoding   

  12  0:01  Probe (Chrono Boost)  
  13  0:11  Probe (Chrono Boost)  
  14  0:18  Pylon  
  14  0:22  Probe (Chrono Boost)  
  15  0:37  Probe (Chrono Boost), Gateway  
  15  0:41  Assimilator  
  16  0:47  Probe (Chrono Boost)  
  17  0:58  Probe (Chrono Boost)  
  18  1:08  Probe (Chrono Boost)  
  19  1:19  Probe (Chrono Boost)  
  19  1:23  Nexus  
  20  1:32  Cybernetics Core  
  20  1:34  Probe (Chrono Boost)  
  21  1:40  Assimilator  
  21  1:44  Probe (Chrono Boost)  
  22  1:49  Pylon  
  22  1:55  Probe (Chrono Boost)  
  23  2:07  Probe (Chrono Boost)  
  24  2:08  Adept (Chrono Boost)  
  24  2:09  Warp Gate  
  26  2:19  Probe  
  26  2:22  Stargate  
  27  2:31  Probe (Chrono Boost)  
  27  2:36  Probe (Chrono Boost)  
  29  2:43  Probe (Chrono Boost)  
  30  2:45  Assimilator  
  30  2:49  Mothership Core (Chrono Boost)  
  31  2:52  Pylon  
  31  2:53  Probe (Chrono Boost)  
  31  2:54  Adept  
  34  3:04  Probe (Chrono Boost)  
  35  3:06  Probe (Chrono Boost)  
  35  3:10  Oracle (Chrono Boost)  
  39  3:15  Probe  
  39  3:16  Probe  
  41  3:21  Pylon  
  41  3:26  Probe  
  41  3:27  Probe  
  43  3:36  Twilight Council  
  43  3:37  Probe  
  43  3:39  Probe  
  45  3:45  Oracle (Chrono Boost)  
  45  3:48  Probe (Chrono Boost)  
  48  3:51  Probe (Chrono Boost)  
  50  4:00  Probe (Chrono Boost)  
  52  4:03  Probe (Chrono Boost)  
  52  4:10  Probe (Chrono Boost)  
  52  4:11  Gateway  
  52  4:12  Gateway, Resonating Glaives  
  53  4:17  Probe (Chrono Boost)  
  53  4:19  Assimilator  
  53  4:21  Probe (Chrono Boost)  
  55  4:27  Adept  
  55  4:28  Probe (Chrono Boost)  
  55  4:30  Pylon, Phoenix  
  60  4:31  Probe (Chrono Boost)  
  61  4:41  Probe (Chrono Boost)  
  61  4:51  Adept  
  63  4:55  Probe (Chrono Boost)  
  63  4:56  Pylon  
  63  4:59  Phoenix  
  59  5:12  Stalker, Adept x2  
  59  5:14  Mothership Core (Chrono Boost)  
  67  5:19  Probe (Chrono Boost)  
  68  5:21  Gateway  
  68  5:22  Gateway  
  68  5:30  Robotics Facility  
  68  5:31  Probe (Chrono Boost)  
  68  5:33  Probe (Chrono Boost)  
  63  5:43  Probe (Chrono Boost)  
  63  5:46  Adept  
  63  5:48  Probe (Chrono Boost)  
  60  6:02  Probe x2 (Chrono Boost)  
  54  6:13  Probe x2 (Chrono Boost)  
  54  6:17  Stalker  
  54  6:18  Sentry  
  60  6:23  Probe x2 (Chrono Boost)  
  62  6:32  Probe (Chrono Boost)  
  59  6:33  Observer (Chrono Boost)  
  59  6:34  Probe  
  61  6:43  Probe  
  61  6:46  Probe  
  63  6:53  Probe  
  63  6:58  Probe  
  63  6:59  Sentry  
  67  7:04  Probe  
  67  7:07  Warp Prism (Chrono Boost)  
  70  7:16  Nexus  
  70  7:17  Pylon  
  70  7:23  Templar Archives  
  70  7:24  Probe  
  70  7:25  Probe  
  72  7:35  Probe  
  72  7:36  Probe  
  74  7:37  Pylon  
  74  7:38  Pylon  
  74  7:44  Adept x2  
  74  7:50  Observer (Chrono Boost), Forge  
  79  7:53  Probe  
  79  7:54  Psionic Storm  
  81  8:01  Adept x2  
  84  8:11  High Templar  
  84  8:12  High Templar x2  
  90  8:24  High Templar  
  90  8:26  High Templar  
  84  8:38  Immortal  
  84  8:40  Probe  
  84  8:41  Probe x2  
  84  8:43  Pylon  
  84  8:47  Gateway x2  
  91  8:51  Adept x2  
  95  9:00  Adept x4  
  91  9:18  Adept  

Tags
 
Add a new tag
Caveats
  • Supply blocks, unpowered buildings, or Contaminate may cause inaccurate times.
  • Supply counts are checked every 10 seconds.